 Dungeon Crawl Stone Soup version 0.28.0-53-g5a82cb258f (webtiles) character file.

Game seed: 11196883951671777314

4676 MisterFreud the Basher (level 10, -1/87 HPs)
             Began as a Palentonga Fighter on July 17, 2022.
             Slain by a killer bee (7 damage)
             ... on level 9 of the Dungeon.
             The game lasted 00:09:52 (8372 turns).

MisterFreud the Basher (Palentonga Fighter)         Turns: 8372, Time: 00:09:53

Health: -1/87      AC: 18    Str: 24    XL:     10   Next: 21%
Magic:  10/10      EV:  8    Int: 15    God:
Gold:   246        SH:  6    Dex: 13    Spells: 9/9 levels left

rFire   + . .      SeeInvis +   l - +9 mace of Truth {elec, Str+3 Int+7 Stlth-}
rCold   . . .      Faith    .   c - +1 buckler
rNeg    . . .      Spirit   .   p - +2 ring mail of the Other Side {-Cast rPois Will+ Stlth+}
rPois   +          Reflect  .   (no helmet)
rElec   .          Harm     .   m - +0 cloak
rCorr   .          Rampage  .   t - +0 pair of gloves
Will    +....      NoCast   +   (no barding)
Stlth   +.........              (no amulet)
HPRegen 0.24/turn               D - ring of protection from fire
MPRegen 0.12/turn               f - ring of wizardry

@: curled up
A: large, rugged brown scales 3, see invisible, deformed body, roll 1, armoured
tail, reflexive curl
a: Rolling Charge


You were on level 9 of the Dungeon.
You visited 2 branches of the dungeon, and saw 10 of its levels.

You collected 518 gold pieces.
You spent 272 gold pieces at shops.

Inventory:

Hand Weapons
 a - a +0 flail
 l - the +9 mace of Truth (weapon) {elec, Str+3 Int+7 Stlth-}
   (You found it on level 3 of the Dungeon)

   It occasionally discharges a powerful burst of electricity upon striking a
   foe.
   Str:       It affects your strength (+3).
   Int:       It affects your intelligence (+7).
   Stlth:     It makes you less stealthy.
Missiles
 i - 2 throwing nets
 r - 6 boomerangs
 v - 4 atropa-tipped darts
 E - 11 poisoned darts
Armour
 b - a +0 scale mail
 c - a +1 buckler (worn)
 m - a +0 cloak (worn)
 p - the +2 ring mail of the Other Side (worn) {-Cast rPois Will+ Stlth+}
   (You found it on level 4 of the Dungeon)

   rPois:     It protects you from poison.
   -Cast:     It prevents spellcasting.
   Will:      It increases your willpower.
   Stlth:     It makes you more stealthy.
 t - a +0 pair of gloves (worn)
Jewellery
 f - a ring of wizardry (right hand)
 q - a ring of fire
 C - a ring of wizardry
 D - a ring of protection from fire (left hand)
Wands
 n - a wand of acid (13)
 u - a wand of digging (3)
 y - a wand of charming (15)
Scrolls
 k - a scroll of enchant armour
 w - a scroll of immolation
 B - a scroll of fear {unknown}
 G - 3 scrolls of amnesia
Potions
 d - a potion of ambrosia
 e - 4 potions of curing
 g - a potion of haste {unknown}
 h - 3 potions of berserk rage
 j - 4 potions of mutation
 o - 2 potions of flight {unknown}
 z - a potion of cancellation
 A - a potion of might
 F - a potion of brilliance {unknown}


   Skills:
 + Level 8.5 Fighting
 - Level 9.0 Maces & Flails
 - Level 6.0 Armour
 - Level 4.0 Shields
 - Level 5.0 Evocations


You had 9 spell levels left.
You didn't know any spells.
Your spell library contained the following spells:

 Spells                   Type           Power      Damage    Failure   Level
 Magic Dart               Conj           0%         1d3       19%         1
 Ensorcelled Hibernation  Hex/Ice        0%         N/A       28%         2
 Passwall                 Tmut/Erth      0%         N/A       28%         2
 Searing Ray              Conj           0%         2d4       28%         2
 Static Discharge         Conj/Air       0%         N/A       28%         2
 Frozen Ramparts          Ice            0%         1d2       47%         3
 Ignite Poison            Fire/Tmut/Pois 0%         N/A       47%         3
 Swiftness                Air            0%         N/A       47%         3
 Flame Wave               Conj/Fire      0%         2d4       86%         4
 Fulminant Prism          Conj/Hex       0%         3d6       86%         4
 Ice Form                 Ice/Tmut       0%         N/A       86%         4
 Summon Ice Beast         Ice/Summ       0%         N/A       86%         4
 Lightning Bolt           Conj/Air       0%         1d11      99%         5
 Maxwell's Capacitive Co  Air            0%         ∞         100%        8


Dungeon Overview and Level Annotations

Branches:
Dungeon (9/15)             Temple (0/1) D:4            Lair (1/6) D:8
    Orc: D:9-12

Altars:
Kikubaaqudgha
Xom
Beogh

Shops:
D:1 :   D:7 [!*

Annotations:
D:6 1 runed translucent door, dhn's ghost, novice MiFi


Innate Abilities, Weirdness & Mutations

You are completely covered in rugged brown scales. (AC +3, +7% HP)
You have supernaturally acute eyesight. (SInv)
Armour fits poorly on your strangely shaped body.
You can roll at nearby foes to attack.
You have a long armoured tail.
You curl defensively after being hit. (AC +7*)


Message History

A killer bee comes into view.
A killer bee comes into view.
The killer bee buzzes angrily. x2
The killer bee barely misses you. The orc wizard closely misses you.
The killer bee stings you but does no damage.
Okay, then.
Unknown command.
Okay, then.
Unknown command.
Unknown command.
Unknown command.
You hit the orc wizard.
Lightning courses through the orc wizard!
You kill the orc wizard!
The killer bee stings you.
You bludgeon the orc!!
You kill the orc!
The orc warrior hits you from afar with a +0 glaive!
Unknown command.
Aiming: Dig
Press: ? - help, Shift-Dir - straight line You can't see that place.
The rock shatters into small pieces.
The killer bee stings you!
* * * LOW HITPOINT WARNING * * *
You block the killer bee's attack. The orc hits you but does no damage.
The killer bee stings you but does no damage.
The orc warrior hits you from afar with a +0 glaive!
* * * LOW HITPOINT WARNING * * *
You completely miss the killer bee. The killer bee stings you.
* * * LOW HITPOINT WARNING * * *
The killer bee stings you but does no damage.
You block the orc's attack.
The killer bee stings you but does no damage.
You miss the killer bee. You tail-slap the killer bee.
The killer bee is heavily wounded.
The killer bee stings you but does no damage. x2
The killer bee barely misses you. The killer bee closely misses you.
You block the orc warrior's attack. The killer bee barely misses you.
The orc closely misses you. The killer bee stings you!
You die...

#........ #.
#.#........ ##.
#.#...# ...
#.#...# ...
#.#...# ...
#.#oo.# ... #
#.#...##### ...
#...###y#o.......
...
#....yy@oo.......
..#
#....yy####......
. #...... ......
#...... .....#
....... ###+##
....... .......
.......


You could see an orc warrior, 5 killer bees and 2 orcs.

Vanquished Creatures
  A death yak (D:8)
  4 yaks (D:9)
  A wyvern (D:7)
  A wraith (D:5)
  A basilisk (D:8)
  A steam dragon (D:4)
  5 orc warriors
  3 black bears
  4 ogres
  A necrophage (D:5)
  2 centaurs (D:6)
  3 bullfrogs
  4 scorpions
  5 wights (D:8)
  A howler monkey (D:5)
  2 centaur zombies
  A bullfrog zombie (D:5)
  2 hounds
  2 jellies
  Crazy Yiuf (D:3)
  4 orc priests
  A bullfrog skeleton (D:6)
  3 iguanas
  2 scorpion zombies (D:5)
  7 orc wizards
  A howler monkey zombie (D:9)
  A howler monkey skeleton (D:5)
  9 adders
  10 gnolls
  An adder skeleton (D:5)
  2 worms
  A dart slug (D:1)
  44 orcs
  7 endoplasms
  3 giant cockroaches
  A goblin (D:2)
  3 hobgoblins
  3 jackals (D:1)
  3 quokkas
  4 ball pythons
  5 bats
  3 frilled lizards
  2 kobolds (D:2)
  8 rats
173 creatures vanquished.

Vanquished Creatures (others)
  4 plants (D:3)
4 creatures vanquished.

Grand Total: 177 creatures vanquished

Notes
Turn   | Place    | Note
-------+----------+-------------------------------------------
     0 | D:1      | MisterFreud the Palentonga Fighter began the quest for the
                  | Orb.
     0 | D:1      | Reached XP level 1. HP: 19/19 MP: 1/1
   157 | D:1      | Found Eniq Neam's Book Emporium.
   165 | D:1      | Reached XP level 2. HP: 25/25 MP: 2/2
   244 | D:1      | Reached skill level 3 in Maces & Flails
   683 | D:1      | Reached XP level 3. HP: 31/31 MP: 3/3
   843 | D:1      | Found a faded altar of an unknown god.
  1162 | D:2      | Reached skill level 4 in Maces & Flails
  1427 | D:2      | You fall into a shaft and drop 1 floor!
  1448 | D:3      | Got Sif Muna's Catalogue of Destructive Transformation
  1564 | D:2      | Reached XP level 4. HP: 37/37 MP: 4/4
  2246 | D:3      | Reached skill level 5 in Maces & Flails
  2605 | D:3      | Noticed a bullfrog
  2621 | D:3      | Killed a bullfrog
  2622 | D:3      | Reached XP level 5. HP: 25/43 MP: 5/5
  3024 | D:3      | Found a runed translucent door.
  3025 | D:3      | Noticed Crazy Yiuf
  3030 | D:3      | Killed Crazy Yiuf
  3031 | D:3      | Reached skill level 6 in Maces & Flails
  3036 | D:3      | Identified the +9 mace of Truth {elec, Str+3 Int+7 Stlth-}
  3092 | D:4      | Noticed a black bear
  3105 | D:3      | Killed a black bear
  3106 | D:3      | Reached XP level 6. HP: 49/50 MP: 6/6
  3181 | D:4      | Reached skill level 7 in Maces & Flails
  3428 | D:4      | Identified the +2 ring mail of the Other Side {-Cast rPois
                  | Will+ Stlth+}
  3476 | D:4      | Noticed a steam dragon
  3480 | D:4      | Killed a steam dragon
  3481 | D:4      | Gained mutation: You curl defensively after being hit. (AC
                  | +7*) [Palentonga growth]
  3481 | D:4      | Reached XP level 7. HP: 50/55 MP: 7/7
  3552 | D:4      | Found a staircase to the Ecumenical Temple.
  3592 | D:4      | Reached skill level 8 in Maces & Flails
  3829 | D:5      | Entered Level 5 of the Dungeon
  3865 | D:5      | Found an ancient bone altar of Kikubaaqudgha.
  4037 | D:5      | Reached skill level 9 in Maces & Flails
  4104 | D:5      | Noticed a wraith
  4114 | D:5      | Killed a wraith
  4115 | D:5      | Reached XP level 8. HP: 37/62 MP: 8/8
  5119 | D:6      | Found a runed translucent door.
  5119 | D:6      | Found a shimmering altar of Xom.
  5119 | D:6      | Noticed a +1 short sword of chaos
  5119 | D:6      | Noticed dhn's ghost (novice MiFi)
  5159 | D:6      | Reached skill level 5 in Fighting
  5674 | D:7      | Found Nodaple's Assorted Antiques.
  5682 | D:7      | Bought a scroll labelled LAEHIX JETHRUECS for 20 gold
                  | pieces
  5735 | D:7      | Reached XP level 9. HP: 73/73 MP: 9/9
  5771 | D:7      | Found Toir's Distillery.
  5780 | D:7      | Bought a potion of heal wounds for 70 gold pieces
  5780 | D:7      | Bought a potion of cancellation for 112 gold pieces
  5780 | D:7      | Bought a potion of might for 56 gold pieces
  5780 | D:7      | Bought a potion of degeneration for 14 gold pieces
  5995 | D:7      | Reached skill level 5 in Armour
  6067 | D:7      | Found Itrug's Antique Armour Boutique.
  6140 | D:8      | Found a staircase to the Lair.
  6141 | D:8      | Noticed a death yak
  6355 | D:8      | Killed a death yak
  6804 | D:8      | Reached skill level 1 in Evocations
  7893 | Lair:1   | Entered Level 1 of the Lair of Beasts
  7973 | D:9      | Reached XP level 10. HP: 67/85 MP: 10/10
  8148 | D:9      | Reached skill level 5 in Evocations
  8182 | D:9      | HP: 2/85 [orc warrior/+0 trident (8)]
  8372 | D:9      | Slain by a killer bee

Illustrated notes

Levels and vault maps discovered:
D:1:      eino_arrival_druids_welcome, layout_loops_ring,
          shapermc_ecumenical_altar_flowoftime, serial_shops,
          nicolae_shop_competitors_out_of_business,
          chequers_serial_rivers_marsh, minmay_tetromino_l2
D:2:      layout_loops_ring
D:3:      layout_basic, guppyfry_early_lair_pool, uniq_crazy_yiuf_cottage
D:4:      layout_cave_pools, minmay_temple_entry_statues_fountains
D:5:      layout_basic, mainiacjoe_overflow_catwalk, serial_glass,
          glass_columns_b, glass_columns_a, glass_columns_a
D:6:      layout_rooms, ebering_ghost_xom, minmay_increasing_density
D:7:      layout_basic, serial_shops, shop, shop, shop
D:8:      layout_basic, david_lair_generic, special_room [special_room_orc]
D:9:      layout_irregular_city, feat_on_display
Lair:1:   layout_layer_cave, st_stairs_4, grunt_megastairs_5,
          serial_bayou_shore_b, infiniplex_staircase_pool_2

Skill      XL: |  1  2  3  4  5  6  7  8  9 10 |
---------------+-------------------------------+-----
Maces & Flails | 3 4 5 6 7 9 |  9.0
Armour         | 4 6 |  6.0
Shields        | 4 |  4.0
Fighting       | 5 8 |  8.5
Evocations     | 4 5 |  5.0

Action                   |  1- 3 |  4- 6 |  7- 9 | 10-12 || total
-------------------------+-------+-------+-------+-------++-------
Melee: Flail             |    86 |    49 |       |       ||   135
       Tailslap          |    11 |    11 |    25 |     6 ||    53
       Mace              |       |    35 |   200 |    37 ||   272
 Abil: Rolling Charge    |    24 |    16 |    36 |     1 ||    77
Evoke: Wand              |       |       |       |     1 ||     1
  Use: Scroll            |     2 |     4 |     6 |     1 ||    13
       Potion            |       |     2 |     1 |     1 ||     4
 Stab: Distracted        |       |       |     1 |       ||     1
Armor: Scale mail        |    33 |    40 |       |       ||    73
       Ring mail         |       |       |    47 |    22 ||    69
Dodge: Dodged            |    20 |    26 |    60 |    14 ||   120
Block: Buckler           |     9 |    15 |    45 |    15 ||    84
